HSSL
INDIANAPOLIS HS CHAOS @ TACOMA HS TORCHMEN
04/27/2029
 
TOP OF THE 1ST
Indianapolis HS Chaos batting - Pitching for Tacoma HS Torchmen : RHP Ray Evans
Pitching: RHP Ray Evans
Batting: SHB Jimmy Bullock 0-0: Ball
1-0: Ball
2-0: Fly out, F8 (Line Drive, 8LS)
Batting: RHB Jonathan Thompson 0-0: Ball
1-0: Foul Ball, location: 2F
1-1: DOUBLE (Line Drive, 78D)
Batting: RHB Bryan Reed 0-0: Ball
1-0: Ball
2-0: Fly out, F3 (Popup, 3SF)
Batting: RHB Andy Norris 0-0: Foul Ball, location: 2F
0-1: Swinging Strike
0-2: Ball
1-2: Foul Ball, location: 2F
1-2: Ball
2-2: Ball
3-2: Foul Ball, location: 2F
3-2: Fly out, F3 (Popup, 3F)
Top of the 1st over - 0 runs, 1 hit, 0 errors, 1 left on base; Indianapolis HS 0 - Tacoma HS 0
BOTTOM OF THE 1ST
Tacoma HS Torchmen batting - Pitching for Indianapolis HS Chaos : LHP Sam Roach
Pitching: LHP Sam Roach
Batting: LHB John Bell 0-0: Ball
1-0: Called Strike
1-1: Ball
2-1: Foul Ball, location: 2F
2-2: Strikes out swinging
Batting: RHB John Barnett 0-0: Called Strike
0-1: Ball
1-1: Called Strike
1-2: Strikes out swinging
Batting: RHB Bruce Cooper 0-0: Ball
1-0: Foul Ball, location: 2F
1-1: Called Strike
1-2: Foul Ball, location: 2F
1-2: Ball
2-2: Foul Ball, location: 2F
2-2: Foul Ball, location: 2F
2-2: Foul Ball, location: 2F
2-2: DOUBLE (Line Drive, 7D)
Batting: RHB Jim Lipscomb 0-0: Ball
1-0: Fly out, F7 (Flyball, 78S)
Bottom of the 1st over - 0 runs, 1 hit, 0 errors, 1 left on base; Indianapolis HS 0 - Tacoma HS 0
TOP OF THE 2ND
Indianapolis HS Chaos batting - Pitching for Tacoma HS Torchmen : RHP Ray Evans
Batting: LHB Chris Russell 0-0: Ball
1-0: Foul Ball, location: 2F
1-1: Fly out, F8 (Flyball, 8LD)
Batting: LHB Jason Hudson 0-0: Called Strike
0-1: Swinging Strike
0-2: Strikes out swinging
Batting: RHB Brian Carriaga 0-0: Ball
1-0: Called Strike
1-1: Ball
2-1: Called Strike
2-2: Ball
3-2: Base on Balls
Batting: LHB José Alonzo 0-0: Ball
1-0: Ground out 4-3 (Groundball, 4)
Top of the 2nd over - 0 runs, 0 hits, 0 errors, 1 left on base; Indianapolis HS 0 - Tacoma HS 0
BOTTOM OF THE 2ND
Tacoma HS Torchmen batting - Pitching for Indianapolis HS Chaos : LHP Sam Roach
Batting: RHB Glenn Browne 0-0: Ball
1-0: Swinging Strike
1-1: Called Strike
1-2: Strikes out swinging
Batting: LHB Joseph Wood 0-0: Swinging Strike
0-1: Ball
1-1: Foul Ball, location: 2F
1-2: Ball
2-2: Foul Ball, location: 2F
2-2: Foul Ball, location: 2F
2-2: Foul Ball, location: 2F
2-2: Ball
3-2: Fly out, F9 (Flyball, 9)
Batting: SHB Jimmy Mayer 0-0: Ball
1-0: Ball
2-0: Foul Ball, location: 2F
2-1: Foul Ball, location: 2F
2-2: Strikes out swinging
Bottom of the 2nd over - 0 runs, 0 hits, 0 errors, 0 left on base; Indianapolis HS 0 - Tacoma HS 0
TOP OF THE 3RD
Indianapolis HS Chaos batting - Pitching for Tacoma HS Torchmen : RHP Ray Evans
Batting: RHB António Solís 0-0: Ball
1-0: Ball
2-0: Ball
3-0: Base on Balls
Batting: SHB Jimmy Bullock 0-0: Called Strike
0-1: Foul Ball, location: 2F
0-2: Foul Ball, location: 2F
0-2: Ball
1-2: Ground out 2-3 (Groundball, 15S)
António Solís to second
Batting: RHB Jonathan Thompson 0-0: Called Strike
0-1: Ground out 4-3 (Groundball, 4)
António Solís to third
Batting: RHB Bryan Reed 0-0: Ball
1-0: Swinging Strike
1-1: Ground out 4-3 (Groundball, 4)
Top of the 3rd over - 0 runs, 0 hits, 0 errors, 1 left on base; Indianapolis HS 0 - Tacoma HS 0
BOTTOM OF THE 3RD
Tacoma HS Torchmen batting - Pitching for Indianapolis HS Chaos : LHP Sam Roach
Batting: LHB Ben Underwood 0-0: Ball
1-0: Ball
2-0: Ball
3-0: Called Strike
3-1: Called Strike
3-2: SINGLE (Groundball, 6D)
Batting: LHB Phil Marshall 0-0: Called Strike
0-1: Swinging Strike
0-2: Foul Ball, location: 2F
0-2: Strikes out looking
Batting: LHB John Bell 0-0: Grounds into double play, 6-4-3 (Groundball, 6)
Bottom of the 3rd over - 0 runs, 1 hit, 0 errors, 0 left on base; Indianapolis HS 0 - Tacoma HS 0
TOP OF THE 4TH
Indianapolis HS Chaos batting - Pitching for Tacoma HS Torchmen : RHP Ray Evans
Batting: RHB Andy Norris 0-0: Swinging Strike
0-1: Called Strike
0-2: Ball
1-2: Ball
2-2: Fly out, F7 (Flyball, 7LSF)
Batting: LHB Chris Russell 0-0: Ball
1-0: Swinging Strike
1-1: SINGLE (Groundball, 3D)
Batting: LHB Jason Hudson 0-0: Called Strike
0-1: Ball
1-1: Foul Ball, location: 2F
1-2: Ball
2-2: Foul Ball, location: 2F
2-2: Fly out, F5 (Popup, 56S)
Batting: RHB Brian Carriaga 0-0: Called Strike
0-1: Ball
1-1: Ball
2-1: Ball
3-1: Base on Balls
Chris Russell to second
Batting: LHB José Alonzo 0-0: SINGLE (Groundball, 15S) (infield hit)
Chris Russell to third
Brian Carriaga to second
Batting: RHB António Solís 0-0: Foul Ball, location: 2F
0-1: Ball
1-1: Called Strike
1-2: Fly out, F6 (Line Drive, 6)
Top of the 4th over - 0 runs, 2 hits, 0 errors, 3 left on base; Indianapolis HS 0 - Tacoma HS 0
BOTTOM OF THE 4TH
Tacoma HS Torchmen batting - Pitching for Indianapolis HS Chaos : LHP Sam Roach
Batting: RHB John Barnett 0-0: Ball
1-0: Called Strike
1-1: Ball
2-1: Foul Ball, location: 2F
2-2: Ball
3-2: Foul Ball, location: 2F
3-2: Strikes out swinging
Batting: RHB Bruce Cooper 0-0: Ball
1-0: Ball
2-0: Ball
3-0: Called Strike
3-1: SINGLE (Line Drive, 56D)
Batting: RHB Jim Lipscomb 0-0: Fly out, F4 (Popup, 4S)
Batting: RHB Glenn Browne Pickoff Throw to First - Error! E1
Bruce Cooper to second
0-0: Called Strike
0-1: Foul Ball, location: 2F
0-2: Ball
1-2: Strikes out swinging
Bottom of the 4th over - 0 runs, 1 hit, 1 error, 1 left on base; Indianapolis HS 0 - Tacoma HS 0
TOP OF THE 5TH
Indianapolis HS Chaos batting - Pitching for Tacoma HS Torchmen : RHP Ray Evans
Batting: SHB Jimmy Bullock 0-0: Called Strike
0-1: Foul Ball, location: 2F
0-2: Ground out 5-3 (Groundball, 56S)
Batting: RHB Jonathan Thompson 0-0: Ball
1-0: Swinging Strike
1-1: Swinging Strike
1-2: Foul Ball, location: 2F
1-2: Strikes out swinging
Batting: RHB Bryan Reed 0-0: Swinging Strike
0-1: Swinging Strike
0-2: Strikes out looking
Top of the 5th over - 0 runs, 0 hits, 0 errors, 0 left on base; Indianapolis HS 0 - Tacoma HS 0
BOTTOM OF THE 5TH
Tacoma HS Torchmen batting - Pitching for Indianapolis HS Chaos : LHP Sam Roach
Batting: LHB Joseph Wood 0-0: Ball
1-0: Fly out, F8 (Flyball, 8RXD)
Batting: SHB Jimmy Mayer 0-0: Foul Ball, location: 2F
0-1: Ball
1-1: Ball
2-1: Foul Ball, location: 2F
2-2: Strikes out looking
Batting: LHB Ben Underwood 0-0: Called Strike
0-1: Ball
1-1: Reached on error, E2 (Groundball, 13S)
Batting: LHB Phil Marshall 0-0: Called Strike
0-1: Ball
1-1: Ball
2-1: Ball
3-1: Base on Balls
Pitching: RHP Jeff Walker
Batting: LHB John Bell 0-0: Ball
1-0: Ball
2-0: Ball
3-0: Base on Balls
Ben Underwood to third
Phil Marshall to second
Batting: RHB John Barnett 0-0: Ball
1-0: Called Strike
1-1: Ball
2-1: Ball
3-1: Base on Balls
Ben Underwood scores
Phil Marshall to third
John Bell to second
Batting: RHB Bruce Cooper 0-0: Ball
1-0: Ball
2-0: Ball
3-0: Base on Balls
Phil Marshall scores
John Bell to third
John Barnett to second
Batting: RHB Jim Lipscomb 0-0: Swinging Strike
0-1: Swinging Strike
0-2: Ball
1-2: Ball
Wild Pitch!
John Bell scores
John Barnett to third
Bruce Cooper to second
2-2: Strikes out swinging
Bottom of the 5th over - 3 runs, 0 hits, 1 error, 2 left on base; Indianapolis HS 0 - Tacoma HS 3
TOP OF THE 6TH
Indianapolis HS Chaos batting - Pitching for Tacoma HS Torchmen : RHP Ray Evans
Pitching: RHP Allen Delgado
Batting: RHB Andy Norris 0-0: Ball
1-0: Foul Ball, location: 2F
1-1: Called Strike
1-2: SINGLE (Line Drive, 56D)
Batting: LHB Chris Russell 0-0: Ball
1-0: Called Strike
1-1: Foul Ball, location: 2F
1-2: Ball
2-2: Strikes out swinging
Batting: LHB Jason Hudson 0-0: Ball
1-0: Swinging Strike
1-1: Ball
2-1: Ball
3-1: Called Strike
3-2: Base on Balls
Andy Norris to second
Batting: RHB Brian Carriaga 0-0: Foul Ball, location: 2F
0-1: Ball
1-1: Grounds into double play, 5-4-3 (Groundball, 56)
Top of the 6th over - 0 runs, 1 hit, 0 errors, 1 left on base; Indianapolis HS 0 - Tacoma HS 3
BOTTOM OF THE 6TH
Tacoma HS Torchmen batting - Pitching for Indianapolis HS Chaos : RHP Jeff Walker
Batting: RHB Glenn Browne 0-0: Ball
1-0: Ball
2-0: Called Strike
2-1: Foul Ball, location: 2F
2-2: Ball
3-2: Base on Balls
Batting: LHB Joseph Wood 0-0: Ball
1-0: Foul Ball, location: 2F
1-1: Ball
2-1: Foul Ball, location: 2F
2-2: Strikes out swinging
Batting: SHB Jimmy Mayer 0-0: Fielders Choice at 2nd, 1-6 (Groundball, 13S)
Batting: LHB Ben Underwood 0-0: Called Strike
Jimmy Mayer steals 2nd base
0-1: Ball
1-1: Ball
2-1: Ball
3-1: Fly out, F8 (Flyball, 78D)
Bottom of the 6th over - 0 runs, 0 hits, 0 errors, 1 left on base; Indianapolis HS 0 - Tacoma HS 3
TOP OF THE 7TH
Indianapolis HS Chaos batting - Pitching for Tacoma HS Torchmen : RHP Allen Delgado
Batting: LHB José Alonzo 0-0: Ball
1-0: Called Strike
1-1: DOUBLE (Line Drive, 7LM)
Batting: RHB António Solís 0-0: Ball
1-0: Called Strike
1-1: Called Strike
1-2: Strikes out swinging
Batting: SHB Jimmy Bullock 0-0: Ball
1-0: Swinging Strike
1-1: Foul Ball, location: 2F
1-2: Strikes out swinging
Batting: RHB Jonathan Thompson 0-0: Foul Ball, location: 2F
0-1: Ball
1-1: SINGLE (Line Drive, 89S)
José Alonzo to third
Runner from 3rd tries for Home, throw and OUT!
Top of the 7th over - 0 runs, 2 hits, 0 errors, 1 left on base; Indianapolis HS 0 - Tacoma HS 3
BOTTOM OF THE 7TH
Tacoma HS Torchmen batting - Pitching for Indianapolis HS Chaos : RHP Jeff Walker
Batting: LHB Phil Marshall 0-0: Ball
1-0: Called Strike
1-1: Ball
2-1: Fly out, F7 (Flyball, 7D)
Batting: LHB John Bell 0-0: Ball
1-0: Called Strike
1-1: Swinging Strike
1-2: Strikes out swinging
Batting: RHB John Barnett 0-0: Called Strike
0-1: Ground out 6-3 (Groundball, 56)
Bottom of the 7th over - 0 runs, 0 hits, 0 errors, 0 left on base; Indianapolis HS 0 - Tacoma HS 3
TOP OF THE 8TH
Indianapolis HS Chaos batting - Pitching for Tacoma HS Torchmen : RHP Allen Delgado
Batting: RHB Bryan Reed 0-0: Ball
1-0: Called Strike
1-1: Foul Ball, location: 2F
1-2: Ball
2-2: Ball
3-2: Foul Ball, location: 2F
3-2: Base on Balls
Batting: RHB Andy Norris 0-0: Called Strike
0-1: Ball
1-1: Ball
2-1: Ball
3-1: Base on Balls
Bryan Reed to second
Batting: LHB Chris Russell 0-0: Called Strike
0-1: SINGLE (Line Drive, 9)
Bryan Reed to third
Andy Norris to second
Runner from 3rd tries for Home, SAFE, no throw
Pitching: LHP Bryan Adams
Pinch Runner at 2nd Warren Norton:
Pinch Hitting: RHB Eric Pierce 0-0: Called Strike
0-1: Ball
1-1: Swinging Strike
1-2: Foul Ball, location: 2F
1-2: Strikes out swinging
Batting: RHB Brian Carriaga 0-0: Ground out 4-3 (Groundball, 4S)
Warren Norton to third
Chris Russell to second
Batting: LHB José Alonzo 0-0: Ball
1-0: Foul Ball, location: 2F
1-1: Foul Ball, location: 2F
1-2: Ball
2-2: Ball
3-2: SINGLE (Flyball, 89S)
Warren Norton scores
Chris Russell to third
Chris Russell scores
Batting: RHB António Solís 0-0: Called Strike
0-1: Ball
1-1: Fly out, F8 (Flyball, 8RD)
Top of the 8th over - 3 runs, 2 hits, 0 errors, 1 left on base; Indianapolis HS 3 - Tacoma HS 3
BOTTOM OF THE 8TH
Tacoma HS Torchmen batting - Pitching for Indianapolis HS Chaos : RHP Jeff Walker
Now in CF: Eric Pierce
Batting: RHB Bruce Cooper 0-0: Called Strike
0-1: Ball
1-1: SINGLE (Line Drive, 9LS)
Batting: RHB Jim Lipscomb 0-0: Ball
1-0: Fly out, F3 (Popup, 3SF)
Batting: RHB Glenn Browne 0-0: Called Strike
0-1: Foul Ball, location: 2F
0-2: Ball
1-2: Foul Ball, location: 2F
1-2: Ball
2-2: Strikes out looking
Batting: LHB Joseph Wood 0-0: Ball
1-0: SINGLE (Line Drive, 4M)
Bruce Cooper to second
Runner from 2nd tries for 3rd, SAFE, throw made to third
Batting: SHB Jimmy Mayer 0-0: Fly out, F4 (Line Drive, 4)
Bottom of the 8th over - 0 runs, 2 hits, 0 errors, 2 left on base; Indianapolis HS 3 - Tacoma HS 3
TOP OF THE 9TH
Indianapolis HS Chaos batting - Pitching for Tacoma HS Torchmen : LHP Bryan Adams
Pitching: RHP Arthur Blair
Batting: SHB Jimmy Bullock 0-0: Foul Ball, location: 2F
0-1: Foul Ball, location: 2F
0-2: Ball
1-2: Ball
2-2: Fly out, F9 (Flyball, 9LMF)
Batting: RHB Jonathan Thompson 0-0: Ball
1-0: SINGLE (Line Drive, 4MD)
Batting: RHB Bryan Reed 0-0: Grounds into double play, 6-4-3 (Groundball, 6)
Top of the 9th over - 0 runs, 1 hit, 0 errors, 0 left on base; Indianapolis HS 3 - Tacoma HS 3
BOTTOM OF THE 9TH
Tacoma HS Torchmen batting - Pitching for Indianapolis HS Chaos : RHP Jeff Walker
Batting: LHB Ben Underwood 0-0: Called Strike
0-1: Ball
1-1: SINGLE (Flyball, 8LS)
Pitching: LHP Johnny Mendoza
Batting: LHB Phil Marshall 0-0: Ball
1-0: Bunted foul
1-1: Sac Bunt - play at first, batter OUT! 1-4
Ben Underwood to second
Batting: LHB John Bell 0-0: Ball
1-0: Called Strike
1-1: Swinging Strike
1-2: Ball
2-2: Strikes out swinging
Batting: RHB John Barnett 0-0: Ball
1-0: Foul Ball, location: 2F
1-1: Foul Ball, location: 2F
1-2: Ball
2-2: Ball
3-2: Ground out U3 (Groundball, 34)
Bottom of the 9th over - 0 runs, 1 hit, 0 errors, 1 left on base; Indianapolis HS 3 - Tacoma HS 3
TOP OF THE 10TH
Indianapolis HS Chaos batting - Pitching for Tacoma HS Torchmen : RHP Arthur Blair
Batting: RHB Warren Norton 0-0: Ball
1-0: Ball
2-0: Fly out, F9 (Flyball, 9LSF)
Batting: LHB Chris Russell 0-0: Called Strike
0-1: Ground out 4-3 (Groundball, 4)
Batting: RHB Eric Pierce 0-0: Called Strike
0-1: Ball
1-1: SINGLE (Flyball, 8LS)
Batting: RHB Brian Carriaga 0-0: Called Strike
0-1: Called Strike
0-2: Foul Ball, location: 2F
0-2: Ball
1-2: Foul Ball, location: 2F
1-2: Ball
2-2: Foul Ball, location: 2F
2-2: Ball
3-2: Base on Balls
Eric Pierce to second
Batting: LHB José Alonzo 0-0: Fly out, F9 (Flyball, 9LSF)
Top of the 10th over - 0 runs, 1 hit, 0 errors, 2 left on base; Indianapolis HS 3 - Tacoma HS 3
BOTTOM OF THE 10TH
Tacoma HS Torchmen batting - Pitching for Indianapolis HS Chaos : LHP Johnny Mendoza
Pitching: RHP Ernest Gentry
Batting: RHB Bruce Cooper 0-0: Called Strike
0-1: Ball
1-1: Foul Ball, location: 2F
1-2: Foul Ball, location: 2F
1-2: Ball
2-2: Ground out 3-1 (Groundball, 34)
Batting: RHB Jim Lipscomb 0-0: Fly out, F4 (Popup, 4D)
Batting: RHB Glenn Browne 0-0: SINGLE (Line Drive, 3D)
Batting: LHB Joseph Wood 0-0: Called Strike
0-1: Ball
Glenn Browne steals 2nd base
1-1: 2-RUN HOME RUN (Flyball, 9D), Distance : 360 ft
Saturday, December 16th, 2017 - OOTP Baseball 18.8 Build 76